 Dungeon Crawl Stone Soup version 0.19.1 (webtiles) character file.

105 Drake the Conjurer (level 4, -1/26 HPs)
             Began as a Deep Elf Conjurer on May 22, 2017.
             Killed from afar by Sigmund (5 damage)
             ... with a magic dart
             ... on level 3 of the Dungeon.
             The game lasted 00:12:59 (2455 turns).

Drake the Conjurer (Deep Elf Conjurer)              Turns: 2455, Time: 00:12:59

Health: -1/26      AC:  2    Str:  6    XL:     4   Next: 54%
Magic:  8/12       EV: 13    Int: 20    God:
Gold:   109        SH:  0    Dex: 15    Spells: 1 memorised, 10 levels left

rFire  . . .     SeeInvis .     l - -3 dagger (curse)
rCold  . . .     Gourm    .     a - +0 robe
rNeg   . . .     Faith    +     (no shield)
rPois  .         Spirit   .     c - +0 hat
rElec  .         Reflect  .     (no cloak)
rCorr  .         Harm     .     (no gloves)
MR     .....                    (no boots)
Stlth  +.........               i - amulet of faith
                                (no ring)
                                f - ring of flight

@: confused, very slightly contaminated
A: no striking features
a: Evoke Flight


You were on level 3 of the Dungeon.
You were not hungry.

You visited 1 branch of the dungeon, and saw 3 of its levels.

You collected 109 gold pieces.

Inventory:

Hand Weapons
 e - a +1 falchion
 g - a +0 short sword
 l - a cursed -3 dagger (weapon)
Armour
 a - a +0 robe (worn)
 c - a +0 hat (worn)
 j - a +0 ring mail
Jewellery
 f - a ring of flight (left hand)
 i - an amulet of faith (around neck)
Books
 b - a book of Conjurations

   Spells                             Type                      Level
   a - Magic Dart                     Conjuration                  1
   b - Searing Ray                    Conjuration                  2
   c - Dazzling Spray                 Conjuration/Hexes            3
   d - Fulminant Prism                Conjuration/Hexes            4
   e - Iskenderun's Mystic Blast      Conjuration                  4
   f - Iskenderun's Battlesphere      Conjuration/Charms           5
Comestibles
 d - a meat ration


   Skills:
 + Level 1.9 Fighting
 - Level 2.4 Dodging
 - Level 2.4 Stealth
 + Level 4.4 Spellcasting
 + Level 5.1 Conjurations


You had 10 spell levels left.
You knew the following spells:

 Your Spells              Type           Power        Failure   Level  Hunger
a - Magic Dart            Conj           ####         1%          1    None


Dungeon Overview and Level Annotations

Branches:
Dungeon (3/15)

Altars:
Trog

Annotations:
D:3 Sigmund


Message History

Unknown command.
Unknown command.
Press: ? - help, v - describe, . - travel The floor.
Unknown command.
You bump into the rock wall.
Sigmund points at you and mumbles some strange words.
The magic dart hits you! Sigmund casts a spell at you.
The puff of flame hits you!
* * * LOW HITPOINT WARNING * * *
You bump into the rock wall.
Sigmund casts a spell.
Sigmund flickers and vanishes!
Deactivating autopickup; reactivate with Ctrl-A.
You feel less confused.
You are confused.
A magic dart appears from out of thin air!
The magic dart hits you!
You die...

#...# #...########
########## #...#.).....
.........#
##.....######
.........# ##....###
....)....# #.....#
....{....#####.#...####
#.......#..........#
#....@....######.#
#...###.##.## .. #.?.
#.†#.# . #.#. ##...#
#.##.###..########### #
....#>...#.......#
#.#...##.........#
#..##..............
##.....#......>..##


There were no monsters in sight!

Vanquished Creatures
  Terence (D:2)
  2 oozes
  4 worms
  A dart slug (D:1)
  2 leopard geckos (D:1)
  5 orcs (D:3)
  2 giant cockroaches (D:2)
  5 goblins
  5 hobgoblins
  9 kobolds
  3 quokkas (D:2)
  6 bats
  2 frilled lizards (D:2)
  5 rats
52 creatures vanquished.

Vanquished Creatures (others)
  A plant (D:1)
1 creature vanquished.

Grand Total: 53 creatures vanquished

Notes
Turn   | Place    | Note
-------+----------+-------------------------------------------
     0 | D:1      | Drake the Deep Elf Conjurer began the quest for the Orb.
     0 | D:1      | Reached XP level 1. HP: 10/10 MP: 6/6
   181 | D:1      | Reached XP level 2. HP: 14/16 MP: 1/8
   487 | D:1      | Reached skill level 1 in Fighting
   748 | D:1      | Reached XP level 3. HP: 20/20 MP: 8/10
  1138 | D:2      | Noticed Terence
  1166 | D:2      | HP: 1/20 [Terence/flail (8)]
  1173 | D:2      | HP: 1/30 [Terence/flail (9)]
  1174 | D:2      | Killed Terence
  1174 | D:2      | Reached skill level 5 in Conjurations
  1448 | D:2      | Reached XP level 4. HP: 26/26 MP: 2/12
  2179 | D:2      | Found a bloodstained altar of Trog.
  2442 | D:3      | Noticed Sigmund
  2455 | D:3      | Killed from afar by Sigmund

Skill      XL: |  1  2  3 |
---------------+----------+-----
Fighting       | 1 |  1.9
Spellcasting   | 4 |  4.4
Conjurations   | 5 |  5.1
Dodging        | |  2.4
Stealth        | |  2.4

Action                   |  1- 3 |  4- 6 || total
-------------------------+-------+-------++-------
Melee: Whip              |     3 |       ||     3
       Dagger            |    25 |     3 ||    28
 Cast: Magic Dart        |    81 |    55 ||   136
  Use: Scroll            |     3 |     4 ||     7
       Potion            |     5 |     1 ||     6
 Stab: Sleeping          |     1 |       ||     1
  Eat: Bread ration      |     1 |       ||     1
Armor: Robe              |     5 |       ||     5
Dodge: Dodged            |    25 |     7 ||    32
